 Dungeon Crawl Stone Soup version 0.23.2-33-g5129a83184 (webtiles) character file.

Game seed: 4722271450925497906

32 FunkyPutin the Skirmisher (level 3, -1/23 HPs)
             Began as a Gargoyle Fighter on July 30, 2019.
             Killed by nerve-wracking pain
             ... invoked by Jessica
              (3 damage)
             ... on level 2 of the Dungeon.
             The game lasted 00:02:13 (927 turns).

FunkyPutin the Skirmisher (Gargoyle Fighter)         Turns: 927, Time: 00:02:15

Health: -1/23      AC: 10    Str: 25    XL:     3   Next: 27%
Magic:  3/3        EV:  7    Int:  8    God:
Gold:   25         SH:  9    Dex:  9    Spells: 2/2 levels left

rFire    . . .     SeeInvis .   a - +0 flail
rCold    . . .     Gourm    .   c - +0 shield
rNeg     + . .     Faith    .   b - +0 scale mail
rPois    ∞         Spirit   .   (no helmet)
rElec    +         Reflect  .   (no cloak)
rCorr    .         Harm     .   (no gloves)
MR       .....                  (no boots)
Stlth    ..........             (no amulet)
HPRegen  0.07/turn              (no ring)
MPRegen  0.08/turn              (no ring)

@: mighty
A: negative energy resistance 1, electricity resistance, unbreathing,
petrification resistance, rot immunity, AC +3
a: no special abilities


You were on level 2 of the Dungeon.
You were hungry.

You visited 1 branch of the dungeon, and saw 2 of its levels.

You collected 25 gold pieces.

Inventory:

Hand Weapons
 a - a +0 flail (weapon)
Armour
 b - a +0 scale mail (worn)
 c - a +0 shield (worn)
Scrolls
 i - a scroll of random uselessness
 m - a scroll of remove curse
Potions
 g - a potion of mutation {unknown}
 h - 3 potions of cancellation
 j - a potion of haste {unknown}
 n - a potion of curing {unknown}
Comestibles
 f - 4 rations


   Skills:
 - Level 3.5 Fighting
 * Level 3.3 Maces & Flails
 - Level 3.3 Armour
 - Level 3.3 Shields


You had 2 spell levels left.
You didn't know any spells.
Your spell library was empty.

Dungeon Overview and Level Annotations

Branches:
Dungeon (2/15)

Altars:

Annotations:
D:2 Jessica, Robin


Innate Abilities, Weirdness & Mutations

You are resistant to torment.
Your stone body is resilient. (AC +3)
You are immune to poison.
You resist negative energy. (rN+)
You are resistant to electric shocks. (rElec)
You can survive without breathing.
You are immune to petrification.
You are immune to rotting.


Message History

You closely miss the hobgoblin. Robin hits you but does no damage.
The goblin hits you but does no damage. You block the hobgoblin's attack.
You closely miss the hobgoblin.
The goblin no longer looks unusually strong.
Robin roars a battlecry!
The goblin goes into a battle-frenzy!
You block the goblin's attack. You block the hobgoblin's attack.
Robin hits you but does no damage. The goblin hits you but does no damage.
You sock the hobgoblin!
You kill the hobgoblin!
You block Jessica's attack. Robin closely misses you.
You block the goblin's attack.
You thump Jessica!
Jessica is severely wounded.
Jessica drinks a potion.
Jessica is healed!
Robin hits you but does no damage. The goblin hits you.
* * * LOW HITPOINT WARNING * * *
Jessica points at you and mumbles some strange words.
Pain shoots through your body!
You die...

...... #?... .....
## ###..(. ...
......
#....##".#.#
#........#g#
#........#@#
....###..#@#######
..>.@....gg.......
#.......$.........
#..##...†.........
#.†.#########.
#...# #...# #...#


You could see Robin, Jessica, a hobgoblin and a goblin.

Vanquished Creatures
  2 dart slugs (D:1)
  5 giant cockroaches
  5 goblins
  2 hobgoblins (D:2)
  6 bats
  A frilled lizard (D:1)
  6 rats
  A bush (D:1)
  2 plants (D:1)
30 creatures vanquished.

Notes
Turn   | Place    | Note
-------+----------+-------------------------------------------
     0 | D:1      | FunkyPutin the Gargoyle Fighter began the quest for the
                  | Orb.
     0 | D:1      | Reached XP level 1. HP: 14/14 MP: 1/1
   128 | D:1      | Reached XP level 2. HP: 16/19 MP: 2/2
   894 | D:2      | Reached XP level 3. HP: 23/23 MP: 3/3
   904 | D:2      | Noticed Robin
   912 | D:2      | Noticed Jessica
   927 | D:2      | Killed from afar by Jessica

Skill      XL: |  1  2 |
---------------+-------+-----
Maces & Flails | 3 |  3.3
Fighting       | |  3.5
Armour         | |  3.3
Shields        | |  3.3

Action                   || total
-------------------------++-------
Melee: Flail             ||   191
  Use: Scroll            ||     7
       Potion            ||     1
Armor: Scale mail        ||    67
Dodge: Dodged            ||    35
Block: Shield            ||    62
